Map: 어센션 투 아이어 - 래더

Players

liquidthermy (uThermal)

  • Race: Terran Terran
  • League: Grandmaster
  • Spawn Location: 11:00

Zest - Winner!

  • Race: Protoss Protoss
  • League: Master
  • Spawn Location: 5:00

Event: HomeStory Cup XVI

VOD

Have the link to the VOD?

Description

Time

  • Played on: Nov. 11, 2017, 12:59 p.m.
  • Length: 12:48

All games in this series

Show
View Real Time Build Order
Export as new Build Order

liquidthermy Terran 

Build Orders: Command Center First (CC), MMM Bio 

Get SALT Encoding   

  12  0:01  SCV  
  13  0:14  SCV  
  14  0:17  Supply Depot  
  14  0:26  SCV  
  15  0:39  SCV  
  16  0:51  SCV  
  17  1:00  Command Center  
  17  1:03  SCV  
  18  1:13  Barracks  
  18  1:17  SCV  
  19  1:28  Barracks  
  19  1:30  SCV  
  20  1:42  SCV  
  20  1:44  Barracks  
  22  1:54  SCV  
  22  2:00  Marine  
  23  2:06  Orbital Command  
  23  2:12  Orbital Command  
  23  2:16  Marine  
  23  2:18  Marine  
  25  2:25  Refinery  
  25  2:28  Refinery  
  25  2:32  SCV  
  25  2:33  Marine  
  25  2:35  Marine  
  28  2:38  SCV  
  28  2:40  Marine  
  30  2:44  SCV  
  30  2:50  Bunker, Marine  
  32  2:52  SCV  
  32  2:55  Marine  
  33  2:58  Marine  
  33  3:03  SCV  
  33  3:04  SCV  
  36  3:07  Supply Depot  
  36  3:11  Barracks Tech Lab  
  36  3:13  Marine  
  36  3:15  SCV  
  36  3:16  Marine  
  36  3:18  Engineering Bay  
  38  3:29  SCV x2  
  38  3:30  Stimpack, Marine  
  38  3:33  Supply Depot  
  38  3:34  Marine  
  42  3:35  Marine  
  42  3:41  SCV x2  
  45  3:45  Missile Turret  
  45  3:49  Factory  
  45  3:51  Marine  
  45  3:55  SCV x2, Marine  
  49  3:56  Marine  
  49  4:00  Supply Depot  
  50  4:07  SCV x2  
  50  4:08  Supply Depot  
  52  4:11  Terran Infantry Weapons Level 1  
  52  4:15  Marine x2  
  54  4:21  SCV, Marine  
  54  4:23  Supply Depot  
  56  4:24  SCV  
  56  4:25  Refinery  
  57  4:34  Starport, SCV  
  57  4:36  SCV  
  59  4:40  Marine x2, Factory Reactor  
  59  4:41  Marine  
  62  4:46  SCV  
  62  4:47  Supply Depot  
  62  4:49  SCV  
  64  4:58  SCV, Marine  
  64  4:59  Marauder, Marine  
  68  5:01  SCV  
  68  5:04  Supply Depot  
  69  5:10  SCV  
  69  5:13  SCV  
  71  5:16  Refinery  
  71  5:18  Marine  
  71  5:21  Medivac, Marauder  
  75  5:22  Medivac  
  75  5:24  Barracks Reactor  
  75  5:25  SCV x2  
  80  5:34  Supply Depot  
  80  5:36  Combat Shields  
  80  5:37  SCV  
  80  5:38  Marine  
  80  5:39  SCV  
  80  5:41  Command Center  
  83  5:49  SCV  
  84  5:51  Supply Depot, SCV  
  85  5:58  Barracks Tech Lab  
  85  5:59  Marauder  
  85  6:00  Marine x2  
  85  6:02  SCV  
  90  6:05  Barracks, SCV  
  90  6:07  Barracks  
  89  6:14  SCV  
  89  6:16  Medivac x2  
  93  6:18  Marine  
  93  6:20  Marauder  
  93  6:21  Marauder, Marine  
  93  6:23  SCV  
  99  6:26  Terran Infantry Armor Level 1, SCV  
  99  6:35  SCV  
  99  6:36  Marine  
  99  6:38  Marine  
  99  6:39  Factory Tech Lab  
  102  6:40  SCV  
  102  6:42  Marauder, Marine  
  106  6:47  SCV  
  106  6:52  SCV  
  106  6:54  Marine  
  106  6:56  Barracks Reactor x2  
  106  6:57  Siege Tank  
  106  6:59  SCV  
  111  7:04  SCV  
  111  7:06  Marauder, Missile Turret, Marine  
  115  7:08  Missile Turret, Armory  
  115  7:12  SCV  
  115  7:13  Medivac  
  118  7:16  Supply Depot  
  118  7:18  Medivac  
  118  7:20  Marine  
  121  7:25  Supply Depot  
  121  7:33  Bunker  
  121  7:35  Supply Depot  
  121  7:36  Marine x2  
  123  7:37  Marine  
  123  7:42  Orbital Command, Factory Tech Lab  
  123  7:43  Marine  
  123  7:44  Marine x3  
  126  7:48  Marine  
  126  7:50  Medivac  
  130  7:54  Marine x2  
  130  7:56  Marine  
  132  8:01  Marine, Siege Tank  
  132  8:02  Marine  
  132  8:03  Reaper  
  132  8:04  Supply Depot  
  138  8:06  Refinery, Terran Vehicle Weapons Level 1  
  138  8:07  Marine x2  
  138  8:11  Marine  
  138  8:12  Marine  
  142  8:15  Supply Depot  
  142  8:16  Supply Depot, Marine  
  142  8:19  Terran Infantry Weapons Level 2, Marine x2  
  143  8:25  Marine x2  
  147  8:29  Marine  
  147  8:32  Barracks, Marine  
  147  8:33  Barracks x2, Siege Tank  
  147  8:34  Marine  
  153  8:35  Marine  
  153  8:37  Marine x2  
  156  8:43  Medivac, Marine  
  156  8:44  Medivac, Marine  
  156  8:47  Marine  
  162  8:49  Marine  
  162  8:51  Marine  
  162  8:53  Marine  
  162  8:55  Marine  
  166  9:01  Marine x2  
  168  9:04  Supply Depot, Marine  
  168  9:05  Siege Tank  
  168  9:06  Supply Depot  
  168  9:08  Supply Depot  
  171  9:22  Medivac  
  166  9:26  Medivac  
  166  9:27  Marine x3  
  166  9:28  Marine x2  
  166  9:29  Marine x3  
  166  9:30  Marine x3  
  175  9:36  Supply Depot  
  175  9:37  Siege Tank  
  178  9:44  Marine  
  178  9:45  Marine x2  
  170  9:46  Command Center, Marine  
  170  9:47  Marine x3  
  170  9:50  Marine  
  170  9:51  Medivac, Marine  
  167  9:56  Medivac  
  167  9:58  Marine x2  
  168  10:02  Marine x2  
  168  10:04  Marine  
  171  10:09  Siege Tank  
  171  10:12  Marine  
  151  10:17  Orbital Command, Marine  
  148  10:23  Medivac, Marine x3  
  148  10:25  Marine x2  
  148  10:26  Medivac  
  156  10:29  Marine  
  156  10:30  Marine x3  
  154  10:37  Marine x2  
  154  10:41  Siege Tank  
  148  10:48  Marine x2  
  145  10:50  Marine x2  
  145  10:56  Marine  
  145  10:57  Marine  
  148  10:59  Planetary Fortress  
  148  11:02  Marine x3  
  148  11:03  Marine  
  153  11:05  Missile Turret  
  153  11:06  Marine  
  153  11:07  Marine x2  
  156  11:13  Siege Tank, Marine  
  156  11:14  Marine x2  
  156  11:15  Marine  
  163  11:19  Marine  
  163  11:20  Marine x2  
  163  11:21  Marine  
  163  11:24  Marine x3  
  170  11:30  Marine  
  170  11:31  Marine  
  172  11:33  Marine  
  175  11:42  Marine x2  
  175  11:45  Liberator x2  
  157  11:56  Marine x2  
  157  11:57  Siege Tank, Marine x2  
  155  12:04  Marine  
  155  12:06  Marine x3  
  155  12:07  Marine x2  
  148  12:08  Marine  
  148  12:12  Refinery x2  
  148  12:14  Marine x3  
  144  12:16  Supply Depot x2, Marine  
  144  12:17  Supply Depot  
  144  12:22  Marine  
  146  12:24  Marine x4  
  146  12:25  Marine  
  146  12:26  Marine  
  153  12:37  Supply Depot  
Show
View Real Time Build Order
Export as new Build Order

Zest Protoss - Winner!

Build Orders: 1 Gate Expand, Double Forge, Blink Stalkers 

Get SALT Encoding   

  12  0:02  Probe (Chrono Boost)  
  14  0:14  Probe (Chrono Boost)  
  14  0:17  Pylon  
  14  0:26  Probe (Chrono Boost)  
  15  0:32  Probe (Chrono Boost)  
  15  0:36  Gateway  
  15  0:40  Probe (Chrono Boost)  
  17  0:45  Assimilator  
  17  0:53  Probe (Chrono Boost)  
  19  1:05  Probe (Chrono Boost)  
  19  1:17  Probe (Chrono Boost)  
  20  1:21  Nexus  
  20  1:31  Cybernetics Core  
  20  1:36  Probe (Chrono Boost)  
  20  1:38  Assimilator  
  22  1:48  Probe (Chrono Boost)  
  22  1:49  Pylon  
  22  1:53  Stalker  
  22  2:00  Probe (Chrono Boost)  
  23  2:08  Warp Gate  
  25  2:12  Probe (Chrono Boost)  
  26  2:17  Stalker  
  27  2:24  Probe (Chrono Boost)  
  29  2:30  Probe (Chrono Boost)  
  29  2:32  Robotics Facility  
  30  2:38  Probe (Chrono Boost)  
  30  2:39  Probe (Chrono Boost)  
  32  2:50  Probe (Chrono Boost)  
  34  2:51  Probe (Chrono Boost)  
  34  2:54  Twilight Council  
  34  3:02  Probe (Chrono Boost)  
  34  3:04  Probe (Chrono Boost)  
  36  3:09  Observer  
  36  3:12  Gateway  
  36  3:14  Gateway  
  36  3:17  Probe (Chrono Boost)  
  36  3:19  Probe (Chrono Boost)  
  39  3:30  Blink, Probe (Chrono Boost)  
  39  3:31  Probe (Chrono Boost)  
  41  3:37  Pylon  
  41  3:39  Observer  
  43  3:42  Probe (Chrono Boost)  
  43  3:44  Probe (Chrono Boost)  
  44  3:54  Probe (Chrono Boost)  
  46  3:56  Nexus, Probe (Chrono Boost)  
  46  3:59  Pylon  
  46  4:05  Assimilator  
  46  4:08  Probe x2 (Chrono Boost)  
  48  4:19  Observer  
  48  4:20  Stalker x2  
  48  4:21  Stalker  
  57  4:24  Probe x2 (Chrono Boost)  
  57  4:30  Pylon  
  57  4:36  Probe x2 (Chrono Boost)  
  59  4:40  Observer  
  59  4:45  Forge  
  59  4:46  Forge  
  59  4:48  Probe x2 (Chrono Boost), Pylon  
  59  4:50  Sentry x2  
  65  4:53  Pylon  
  65  4:58  Protoss Ground Weapons Level 1  
  65  4:59  Protoss Ground Armor Level 1  
  67  5:00  Probe (Chrono Boost)  
  67  5:01  Probe (Chrono Boost)  
  67  5:07  Probe x3 (Chrono Boost)  
  67  5:12  Observer  
  70  5:14  Probe (Chrono Boost)  
  70  5:15  Probe x2 (Chrono Boost)  
  73  5:23  Gateway  
  73  5:24  Gateway  
  73  5:26  Gateway  
  73  5:27  Probe (Chrono Boost), Sentry  
  76  5:30  Gateway  
  76  5:34  Probe x2 (Chrono Boost)  
  78  5:37  Gateway  
  78  5:39  Probe (Chrono Boost)  
  79  5:42  Assimilator  
  79  5:43  Pylon  
  79  5:46  Assimilator  
  79  5:47  Probe (Chrono Boost)  
  81  5:50  Probe (Chrono Boost)  
  81  5:53  Observer  
  82  6:00  Pylon  
  82  6:01  Charge  
  82  6:09  Shield Battery, Probe x3 (Chrono Boost)  
  82  6:10  Shield Battery  
  85  6:20  Immortal  
  85  6:22  Pylon  
  89  6:30  Stalker x6  
  101  6:37  Stalker x2  
  105  6:43  Protoss Ground Weapons Level 2, Protoss Ground Armor Level 2  
  105  6:46  Pylon  
  105  6:47  Nexus  
  105  7:00  Stalker x3, Probe x3 (Chrono Boost)  
  114  7:09  Warp Prism, Pylon  
  116  7:17  Zealot  
  116  7:18  Zealot x4  
  126  7:28  Gateway x2  
  126  7:30  Zealot x2  
  126  7:32  Pylon  
  130  7:52  Zealot x3  
  130  7:53  Zealot x5  
  130  7:57  Observer  
  146  8:03  Templar Archives  
  146  8:04  Probe x3 (Chrono Boost), Pylon  
  146  8:05  Probe (Chrono Boost)  
  150  8:06  Pylon  
  150  8:10  Immortal  
  154  8:16  Psionic Storm  
  154  8:38  Gateway  
  154  8:40  Gateway  
  154  8:41  High Templar x2  
  154  8:42  Gateway  
  154  8:43  Gateway  
  154  8:45  High Templar x2, Zealot x3  
  154  8:46  Assimilator  
  168  8:50  Assimilator  
  168  8:54  Photon Cannon  
  168  8:56  Photon Cannon  
  168  8:58  Shield Battery  
  168  8:59  Pylon  
  168  9:06  Protoss Shields Level 1  
  168  9:11  High Templar x2, Zealot  
  168  9:12  Zealot x3  
  172  9:29  High Templar x2, Zealot x2  
  176  9:35  Zealot x4  
  178  9:53  Protoss Ground Weapons Level 3  
  178  9:57  Archon x2  
  176  10:03  Stalker x4  
  176  10:04  Zealot  
  176  10:05  Zealot  
  188  10:13  Zealot x2  
  188  10:18  Zealot x2  
  166  10:30  Stalker  
  166  10:31  Stalker x3  
  166  10:32  Stalker  
  166  10:35  Zealot x4  
  179  10:41  Warp Prism  
  156  10:53  High Templar  
  156  10:54  High Templar  
  156  10:57  Pylon  
  160  11:03  Observer  
  160  11:12  Zealot x5  
  160  11:13  Zealot x5  
  160  11:14  Pylon  
  160  11:16  Nexus, Pylon  
  160  11:17  Pylon  
  180  11:34  Zealot x8  
  180  11:35  Zealot  
  180  11:36  Zealot  
  200  11:45  Pylon  
  166  11:58  Stalker x3  
  166  11:59  Stalker x4  
  167  12:08  Probe x3 (Chrono Boost)  
  164  12:09  Observer  
  162  12:20  High Templar x4  
  162  12:21  High Templar x2  
  162  12:22  Zealot x8  
  188  12:27  Archon  
  188  12:28  Archon x2  
  180  12:44  Archon  
Tags
 
Add a new tag
Caveats
  • Supply blocks, unpowered buildings, or Contaminate may cause inaccurate times.
  • Supply counts are checked every 10 seconds.